 Dungeon Crawl Stone Soup version 0.29.1-15-g9cfb28693d (webtiles) character file.

Game seed: 15420126343694238550

60 Jase the Poker (level 4, -15/34 HPs)
             Began as a Merfolk Gladiator on Apr 23, 2023.
             Was a Follower of Ru.
             Blown up by Ijyb (16 damage)
             ... with a mindburst bolt
             ... on level 3 of the Dungeon.
             The game lasted 00:04:28 (2169 turns).

Jase the Poker (Merfolk Gladiator)                  Turns: 2169, Time: 00:04:29

Health: -15/34     AC:  5    Str: 14    XL:     4   Next: 6%
Magic:  0/4        EV: 13    Int:  9    God:    Ru [*.....]
Gold:   161        SH:  0    Dex: 15    Spells: 3/3 levels left

rFire   . . .      SeeInvis .   a - +0 trident
rCold   . . .      Faith    .   (no shield)
rNeg    . . .      Spirit   +   b - +0 leather armour
rPois   .          Reflect  .   c - +0 helmet
rElec   .          Harm     .   (no cloak)
rCorr   .          Rampage  .   g - +0 pair of gloves {hurl}
Will    .....                   (no boots)
Stlth   +.........              p - amulet of guardian spirit
HPRegen 0.11/turn               (no ring)
MPRegen 0.09/turn               (no ring)

@: no status effects
A: weak-willed 1, (nimble swimmer 2), mertail
a: Renounce Religion


You were on level 3 of the Dungeon.
You worshipped Ru.
Ru was aware of your devotion.
You visited 1 branch of the dungeon, and saw 3 of its levels.

You collected 161 gold pieces.

Inventory:

Hand Weapons
 a - a +0 trident (weapon)
Missiles
 d - 3 throwing nets (quivered)
 e - a javelin
 i - 17 stones
 s - 6 curare-tipped darts
Armour
 b - a +0 leather armour (worn)
 c - a +0 helmet (worn)
 g - a +0 pair of gloves of hurling (worn)
Jewellery
 k - a ring of ice
 p - an amulet of guardian spirit (around neck)
Scrolls
 f - a scroll of blinking {unknown}
 l - a scroll of enchant weapon {unknown}
 m - a scroll of silence {unknown}
 n - 2 scrolls of fog {unknown}
 r - 3 scrolls of identify {unknown}
 t - a scroll of teleportation {unknown}
 u - a scroll of enchant armour {unknown}
Potions
 h - a potion of heal wounds {unknown}
 j - 2 potions of brilliance {unknown}
 o - a potion of might {unknown}
 q - a potion of lignification {unknown}


   Skills:
 + Level 2.9 Fighting
 * Level 5.3 Polearms
 - Level 2.0 Throwing
 + Level 4.6 Dodging


You had 3 spell levels left.
You didn't know any spells.
Your spell library contained the following spells:

 Spells                   Type           Power      Damage    Failure   Level
 Shock                    Conj/Air       0%         1d3       45%         1
 Dazzling Flash           Conj/Hex       0%         N/A       83%         3
 Swiftness                Air            0%         N/A       83%         3
 Airstrike                Air            0%         2d(0-16)  99%         4
 Iskenderun's Mystic Bla  Conj/Tloc      0%         2d3       99%         4
 Starburst                Conj/Fire      0%         6d3       100%        6


Dungeon Overview and Level Annotations

Branches:
Dungeon (3/15)

Altars:
Qazlal
Ru

Annotations:
D:3 Ijyb


Innate Abilities, Weirdness & Mutations

You are slightly weak-willed. (Will-)
((You are very nimble when in or above water. (Stealth+, EV+, Speed+++)))
Your lower body shifts to a powerful aquatic tail in water.


Message History

The goblin barely misses you.
You hit the goblin.
You kill the goblin!
Things that are here:
a +0 dagger; a goblin corpse You reach to attack!
You closely miss the rat. The rat completely misses you.
You puncture the rat!
You kill the rat!
No target in view!
No target in view!
i - 17 stones (gained 7) Ru believes you are ready to make a new sacrifice.
Ru asks you to corrupt yourself such that: you are slightly weak-willed. (Will-).
This is a major sacrifice.
Piety after sacrifice: *.....
Do you really want to make this sacrifice?
You feel weak-willed.
You now exude an aura of power that intimidates your foes.
Okay, then.
u - a scroll labelled ENAID HAEM
j - 2 bubbling white potions (gained 1) Ijyb the Twisted Goblin comes into view.
She is wielding a +2 dagger of holy wrath and carrying a wand of mindburst (21).
Ijyb shouts!
Ijyb zaps a wand.
Your mind is blasted!
You start resting.
Ijyb is nearby!
Ijyb zaps a wand.
Your mind is blasted!
Ouch! That really hurt!
* * * LOW HITPOINT WARNING * * *
Unknown command.
You hit Ijyb but do no damage.
Ijyb hits you with a +2 dagger of holy wrath.
* * * LOW HITPOINT WARNING * * *
You hit Ijyb but do no damage.
Ijyb hits you with a +2 dagger of holy wrath!
* * * LOW HITPOINT WARNING * * *
You hit Ijyb.
Ijyb is moderately wounded.
A frilled lizard comes into view.
Ijyb zaps a wand.
Your mind is blasted!
You die...

......#####.# #.#.#
l?..........###.#.#
#.. . ...#.........
#.# #.##.#.......##
#.# #.#.....###.†##
#.# #..........)...
#.# ###.....####.#'
#g######.#...# #..#
#.@.........####..#
#..###............#
#..###.#.##.#####.#
#......#.##.# #.#
##.#####.##.# #.#
#.# #.# .# #.# #.#
#.# .# + #.# #..
... ...


You could see Ijyb and a frilled lizard (wandering).

Vanquished Creatures
  A worm (D:2)
  A dart slug (D:2)
  6 endoplasms
  4 giant cockroaches
  5 goblins
  5 hobgoblins
  8 jackals (D:1)
  4 kobolds
  A quokka (D:1)
  5 ball pythons
  A bat (D:1)
  4 frilled lizards
  3 rats
48 creatures vanquished.

Vanquished Creatures (others)
  36 plants (D:1)
36 creatures vanquished.

Grand Total: 84 creatures vanquished

Notes
Turn   | Place    | Note
-------+----------+-------------------------------------------
     0 | D:1      | Jase the Merfolk Gladiator began the quest for the Orb.
     0 | D:1      | Reached XP level 1. HP: 16/16 MP: 1/1
   267 | D:1      | Reached XP level 2. HP: 23/23 MP: 2/2
   602 | D:1      | Reached XP level 3. HP: 21/28 MP: 3/3
  1242 | D:2      | Reached skill level 5 in Polearms
  1321 | D:2      | Found a stormy altar of Qazlal.
  2104 | D:3      | Found a faded altar of an unknown god.
  2108 | D:3      | Reached XP level 4. HP: 34/34 MP: 4/4
  2112 | D:3      | Prayed at the altar of an unknown god.
  2112 | D:3      | Became a worshipper of Ru the Awakened
  2137 | D:3      | Gained mutation: You are slightly weak-willed. (Will-) [Ru
                  | sacrifice]
  2137 | D:3      | Reached * piety under Ru
  2155 | D:3      | Noticed Ijyb
  2168 | D:3      | HP: 1/34 [Ijyb/+2 dagger of holy wrath (5)]
  2169 | D:3      | Blown up by Ijyb

Illustrated notes

Levels and vault maps discovered:
D:1:      dpeg_arrival_erosion, layout_loops_corners, minmay_misc_feat_hallway,
          serial_bayou_ford_a, serial_bayou_lagoon_a, minmay_misc_feat_square
D:2:      layout_loops_cross, basic_altar, minmay_misc_feat_alley
D:3:      layout_loops_ring, grunt_temple_overflow_growth_and_decay,
          hellmonk_ecumenical_altar_slurped_away, uniq_jessica, uniq_ijyb

Skill      XL: |  1  2  3 |
---------------+----------+-----
Polearms       | 5 |  5.3
Fighting       | |  2.9
Throwing       | |  2.0
Dodging        | |  4.6

Action                   |  1- 3 |  4- 6 || total
-------------------------+-------+-------++-------
Melee: Trident           |   135 |     9 ||   144
Invok: Sacrifice Essence |       |     1 ||     1
 Stab: Sleeping          |     2 |       ||     2
Armor: Leather armour    |    22 |     1 ||    23
Dodge: Dodged            |    49 |     2 ||    51
